 Dungeon Crawl Stone Soup version 0.21.1-1-g345015fe64 (webtiles) character file.

41589 emmagoldmann2017 the Geomancer (level 14, -5/86 HPs)
             Began as a Gargoyle Earth Elementalist on July 27, 2018.
             Was an Elder of Ashenzari.
             Slain by a vault guard
             ... wielding a +0 long sword
              (10 damage)
             ... on level 12 of the Dungeon on July 28, 2018.
             The game lasted 02:00:58 (24113 turns).

emmagoldmann2017 the Geomancer (GrEE)              Turns: 24113, Time: 02:00:59

Health: -5/86      AC: 18    Str: 13    XL:     14   Next: 16%
Magic:  0/27       EV: 18    Int: 23    God:    Ashenzari [****..]
Gold:   1129       SH:  0    Dex: 19    Spells: 22/31 levels left

rFire    + + .     SeeInvis +   I - +10 short sword "Udazis" {venom, Str-3 Int+3 Dex+9} (curse)
rCold    + + .     Gourm    .   (no shield)
rNeg     + + .     Faith    .   y - +0 robe {rC+ rF+}
rPois    ∞         Spirit   .   m - +0 helmet
rElec    +         Reflect  .   p - scarf {rC+ rF+} (curse)
rCorr    .         Harm     .   X - +1 pair of gloves {Str+3}
MR       ++...     Clarity  +   V - +0 pair of boots
Stlth    ++++......             D - amulet of magic regeneration
HPRegen  0.24/turn              B - ring of protection from magic
MPRegen  0.45/turn              U - ring of positive energy

@: no status effects
A: big wings, negative energy resistance 1, electricity resistance, unbreathing,
petrification resistance, rot immunity, AC +10
a: Fly, Curse Item, Scrying, Renounce Religion


You were on level 12 of the Dungeon.
You worshipped Ashenzari.
Ashenzari was greatly pleased with you.
You were not hungry.

You visited 3 branches of the dungeon, and saw 18 of its levels.
You also visited: Ice Cave.

You collected 1129 gold pieces.

Inventory:

Hand Weapons
 I - the cursed +10 short sword "Udazis" (weapon) {venom, Str-3 Int+3 Dex+9}
   (You found it on level 3 of the Lair of Beasts)

   It poisons the flesh of those it strikes.
   It affects your strength (-3).
   It affects your intelligence (+3).
   It affects your dexterity (+9).
   It has a curse placed upon it.
Missiles
 b - 170 stones (quivered)
 H - 13 javelins
Armour
 m - a +0 helmet (worn)
 p - a cursed scarf of resistance (worn)
 y - a +0 robe of resistance (worn)
 z - +0 acid dragon scales
 V - a +0 pair of boots (worn)
 X - a +1 pair of gloves of strength (worn)
Jewellery
 B - a ring of protection from magic (left hand)
 D - an amulet of magic regeneration (around neck)
 U - a ring of positive energy (right hand)
Wands
 t - a wand of disintegration (22)
 w - a wand of flame (16)
 K - a wand of clouds (4)
 N - a wand of polymorph (27)
 O - a wand of iceblast (7)
 Q - a wand of scattershot (4)
 R - a wand of acid (4)
Scrolls
 f - 3 scrolls of blinking
 g - 2 scrolls of magic mapping {unknown}
 h - 3 scrolls of teleportation
 j - 3 scrolls of remove curse
 l - 4 scrolls of enchant weapon
 r - 3 scrolls of enchant armour {unknown}
 u - 6 scrolls of fog
 C - 5 scrolls of amnesia
 G - a scroll of random uselessness {unknown}
 J - a scroll of acquirement {unknown}
 M - 4 scrolls of immolation
 W - 3 scrolls of identify
Potions
 a - 3 potions of brilliance
 c - a potion of agility
 i - 5 potions of curing
 k - 5 potions of cancellation
 n - 4 potions of berserk rage
 q - 3 potions of mutation
 s - 5 potions of flight
 v - a potion of ambrosia
 x - 2 potions of lignification
 A - a potion of might
 F - 2 potions of invisibility
 L - 3 potions of magic
 P - a potion of haste {unknown}
 Z - a potion of resistance {unknown}
Books
 e - a book of Geomancy

   Spells                             Type                      Level
   a - Sandblast                      Earth                        1
   b - Passwall                       Transmutation/Earth          2
   c - Stone Arrow                    Conjuration/Earth            3
   d - Petrify                        Transmutation/Earth          4
   e - Lee's Rapid Deconstruction     Earth                        5
 E - a book of Burglary

   Spells                             Type                      Level
   a - Swiftness                      Charms/Air                   2
   b - Passwall                       Transmutation/Earth          2
   c - Passage of Golubria            Translocation                4
   d - Lee's Rapid Deconstruction     Earth                        5
   e - Darkness                       Hexes                        6
   f - Invisibility                   Hexes                        6
 S - a book of Callings

   Spells                             Type                      Level
   a - Summon Small Mammal            Summoning                    1
   b - Call Imp                       Summoning                    2
   c - Call Canine Familiar           Summoning                    3
   d - Summon Guardian Golem          Hexes/Summoning              3
   e - Summon Lightning Spire         Summoning/Air                4
   f - Summon Ice Beast               Ice/Summoning                4
 T - a book of Necromancy

   Spells                             Type                      Level
   a - Pain                           Necromancy                   1
   b - Animate Skeleton               Necromancy                   1
   c - Vampiric Draining              Necromancy                   3
   d - Regeneration                   Charms/Necromancy            3
   e - Animate Dead                   Necromancy                   4
   f - Borgnjor's Vile Clutch         Necromancy/Earth             5
Comestibles
 d - 10 rations
 Y - 4 chunks of flesh


   Skills:
 + Level 9.3 Fighting
 + Level 5.0(8.4) Short Blades
   Level 6.5 Maces & Flails
 - Level 7.0 Armour
 + Level 7.5 Dodging
 + Level 7.0 Stealth
 + Level 9.2 Spellcasting
 + Level 9.3 Conjurations
   Level 0.7 Transmutations
 - Level 10.0 Earth Magic
 - Level 8.0 Evocations


You had 22 spell levels left.
You knew the following spells:

 Your Spells              Type           Power        Failure   Level  Hunger
a - Sandblast             Erth           ######       1%          1    None
b - Stone Arrow           Conj/Erth      ######       1%          3    None
c - Lee's Rapid Deconstr  Erth           ######....   2%          5    ####...


Dungeon Overview and Level Annotations

Branches:
Dungeon (13/15)            Temple (1/1) D:4            Lair (4/6) D:8
  Swamp (0/4) Lair:2        Snake (0/4) Lair:4          Orc (0/2) D:12
 Vaults (0/5) D:13

Altars:
Ashenzari
Cheibriados
Dithmenos
Elyvilon
Fedhas
Gozag
Hepliaklqana
Kikubaaqudgha
Makhleb
Nemelex Xobeh
Okawaru
Qazlal
Ru
Sif Muna
Trog
Uskayaw
Vehumet
Wu Jian
Xom
Yredelemnul
Zin
The Shining One

Portals:
Trove: D:11 (give horn of Geryon)


Innate Abilities, Weirdness & Mutations

You are resistant to torment.
Your stone body is resilient. (AC +10)
You are immune to poison.
Your large and strong wings let you fly indefinitely.
You resist negative energy. (rN+)
You are resistant to electric shocks. (rElec)
You can survive without breathing.
You are immune to petrification.
You are immune to rotting.


Message History

Aim: a vault guard, wielding a long sword, wearing a chain mail and wearing a large shield (heavily wounded)
The stone arrow misses the vault guard.
Casting: Stone Arrow
Confirm with . or Enter, or press ? or * to list all spells.
Aiming: Stone Arrow
Press: ? - help, Shift-Dir - straight line, f/p - vault guard
Aim: a vault guard, wielding a long sword, wearing a chain mail and wearing a large shield (heavily wounded)
The stone arrow hits the vault guard.
The vault guard is severely wounded.
The vault guard hits you but does no damage.
Casting: Stone Arrow
Confirm with . or Enter, or press ? or * to list all spells.
Aiming: Sandblast
Press: ? - help, Shift-Dir - straight line, f/p - vault guard
Aim: a vault guard, wielding a long sword, wearing a chain mail and wearing a large shield (severely wounded)
The blast of sand hits the vault guard.
The vault guard is severely wounded.
b - 170 stones The vault guard hits you with a long sword!
You die...

#..## #...... ##..##
#...... #...# #......
##..## #...... ##..##
### ##.....
##...###>## ###...
###.........####....
##............##.....
#...@................
##...p.........[......
#....>................
#.............#####...
#.............# #.##
##............## #.##
#............## #.#≈
##..........## #.#≈
##.........## #.#≈


You could see a vault guard.

Vanquished Creatures
  A frost giant (IceCv)
  Nessos (D:13)
  3 vault guards (D:13)
  3 hydras (Lair:2)
  4 two-headed ogres
  2 death yaks (IceCv)
  2 tengu warriors (D:13)
  Sonja (Lair:2)
  An unseen horror (D:12)
  A deep elf mage (D:13)
  The ghost of Chudej the Destroyer, a novice DECj of Sif Muna (D:7)
  2 ugly things
  2 cyclopes
  A manticore (D:11)
  2 black mambas (Lair:2)
  An ice statue (IceCv)
  3 spiny frogs
  4 komodo dragons
  2 tengu conjurers (D:13)
  20 polar bears
  2 trolls
  2 hornets (Lair:2)
  Prince Ribbit (D:5)
  4 blink frogs (Lair:2)
  6 hippogriffs
  Sigmund (D:5)
  A spriggan (Lair:1)
  A wyvern (D:11)
  25 yaks
  4 swamp worms (Lair:2)
  Edmund (D:5)
  7 nagas (Lair:4)
  2 acid dragons
  The ghost of cokecookie the Magician, an amateur DEWz (D:3)
  6 water moccasins
  5 porcupines
  2 orc warriors
  2 hornet zombies
  5 sky beasts
  4 black bears
  2 phantoms
  11 ice beasts
  5 centaurs
  3 ogres
  14 wolves
  13 crocodiles
  2 big kobolds
  15 bullfrogs
  2 gnoll sergeants
  2 wyvern skeletons
  5 scorpions
  13 wights
  4 electric eels (Lair:2)
  A howler monkey (D:12)
  2 bullfrog zombies
  A centaur zombie (D:8)
  A crimson imp (D:6)
  A wyvern simulacrum (D:12)
  6 orc priests
  6 hounds
  4 jellies
  A quasit (D:11)
  3 bullfrog skeletons
  A gnoll shaman (D:9)
  Crazy Yiuf (D:6)
  2 centaur skeletons
  Terence (D:2)
  Jessica (D:3)
  2 iguanas
  11 orc wizards
  7 worker ants
  A killer bee zombie (D:7)
  A bullfrog simulacrum (D:12)
  A hound zombie (D:6)
  A hound skeleton (D:4)
  Robin (D:3)
  3 worker ant zombies
  16 adders
  18 gnolls
  4 shadow imps
  4 white imps (D:12)
  4 worms
  A dart slug (D:3)
  5 leopard geckos
  40 orcs
  8 bats
  5 giant cockroaches
  25 goblins
  9 hobgoblins
  11 jackals
  10 kobolds
  A quokka (D:2)
  5 frilled lizards
  A giant cockroach zombie (D:6)
  7 rats
  3 plants (Lair:1)
467 creatures vanquished.

Vanquished Creatures (others)
  29 plants (Lair:2)
29 creatures vanquished.

Grand Total: 496 creatures vanquished

Notes
Turn   | Place    | Note
-------+----------+-------------------------------------------
     0 | D:1      | emmagoldmann2017 the Gargoyle Earth Elementalist began the quest for the Orb.
     0 | D:1      | Reached XP level 1. HP: 10/10 MP: 3/3
   363 | D:1      | Reached skill level 4 in Earth Magic
   363 | D:1      | Reached XP level 2. HP: 15/15 MP: 3/5
  1741 | D:2      | Reached XP level 3. HP: 19/19 MP: 3/6
  1828 | D:2      | Found a faded altar of an unknown god.
  1950 | D:2      | Learned a level 3 spell: Stone Arrow
  2082 | D:2      | Found a hazy altar of Hepliaklqana.
  2371 | D:2      | Reached XP level 4. HP: 24/24 MP: 1/8
  2568 | D:2      | Reached skill level 5 in Earth Magic
  3255 | D:3      | Noticed Jessica
  3265 | D:3      | Killed Jessica
  3265 | D:3      | Reached XP level 5. HP: 20/28 MP: 6/10
  3530 | D:3      | Noticed cokecookie's ghost (amateur DEWz)
  3571 | D:3      | Killed cokecookie's ghost
  3571 | D:3      | Reached skill level 6 in Earth Magic
  3571 | D:3      | Reached XP level 6. HP: 11/32 MP: 1/12
  4223 | D:3      | Noticed Terence
  4231 | D:3      | Noticed Robin
  4288 | D:2      | HP: 1/32 [Terence/flail of protection (4)]
  4329 | D:2      | Killed Terence
  4658 | D:3      | Killed Robin
  5377 | D:5      | Entered Level 5 of the Dungeon
  5377 | D:5      | Noticed Prince Ribbit
  5622 | D:4      | Noticed a sky beast
  5635 | D:4      | Killed a sky beast
  5635 | D:4      | Reached XP level 7. HP: 37/37 MP: 2/14
  5675 | D:4      | Reached skill level 1 in Fighting
  5675 | D:4      | Reached skill level 1 in Armour
  5675 | D:4      | Reached skill level 1 in Conjurations
  5913 | D:4      | Reached skill level 1 in Maces & Flails
  6024 | D:4      | Found a staircase to the Ecumenical Temple.
  6083 | Temple   | Entered the Ecumenical Temple
  6142 | Temple   | Became a worshipper of Ashenzari the Shackled
  6260 | D:5      | Killed Prince Ribbit
  6260 | D:5      | Reached skill level 5 in Spellcasting
  6260 | D:5      | Reached skill level 7 in Earth Magic
  6260 | D:5      | Reached skill level 1 in Evocations
  6398 | D:5      | Found a radiant altar of Vehumet.
  6400 | D:5      | Found a blossoming altar of Fedhas.
  6400 | D:5      | Found a bloodstained altar of Trog.
  6400 | D:5      | Found an iron altar of Okawaru.
  6401 | D:5      | Found an ancient bone altar of Kikubaaqudgha.
  6401 | D:5      | Found a hide-covered altar of Uskayaw.
  6432 | D:5      | Noticed Sigmund
  6614 | D:5      | Killed Sigmund
  6614 | D:5      | Reached XP level 8. HP: 44/44 MP: 5/15
  6840 | D:5      | Found a stormy altar of Qazlal.
  7363 | D:6      | Found a runed door.
  7367 | D:6      | Noticed Crazy Yiuf
  7371 | D:6      | Killed Crazy Yiuf
  7448 | D:6      | Noticed Edmund
  7666 | D:5      | Killed Edmund
  8036 | D:6      | Reached XP level 9. HP: 51/51 MP: 1/17
  8233 | D:6      | Reached * piety under Ashenzari
  8665 | D:7      | Noticed a red ugly thing
  9030 | D:7      | Reached skill level 8 in Earth Magic
  9078 | D:7      | Killed a red ugly thing
  9586 | D:7      | Noticed Chudej's ghost (novice DECj)
  9601 | D:7      | Killed Chudej's ghost
  9601 | D:7      | Reached XP level 10. HP: 58/58 MP: 0/19
  9667 | D:7      | Found a shimmering altar of Xom.
 10111 | D:8      | Found a white marble altar of Elyvilon.
 10134 | D:8      | Found a staircase to the Lair.
 10326 | D:8      | Reached skill level 5 in Fighting
 10486 | D:8      | Found a snail-covered altar of Cheibriados.
 10570 | D:9      | Reached skill level 5 in Armour
 10989 | D:9      | Reached skill level 5 in Conjurations
 11638 | Lair:1   | Entered Level 1 of the Lair of Beasts
 12081 | D:8      | Reached skill level 5 in Maces & Flails
 12632 | Lair:1   | Reached XP level 11. HP: 64/64 MP: 17/21
 12739 | Lair:1   | Reached ** piety under Ashenzari
 13241 | Lair:1   | Reached skill level 5 in Evocations
 13308 | Lair:2   | Reached skill level 5 in Dodging
 13760 | Lair:2   | Noticed a six-headed hydra
 13769 | Lair:2   | Killed a six-headed hydra
 13769 | Lair:2   | Reached skill level 9 in Earth Magic
 13957 | Lair:2   | Noticed Sonja
 13995 | Lair:2   | Killed Sonja
 14323 | Lair:2   | Found a staircase to the Swamp.
 15097 | Lair:2   | Noticed a seven-headed hydra
 15132 | Lair:2   | Killed a seven-headed hydra
 15452 | Lair:2   | Reached XP level 12. HP: 70/71 MP: 6/23
 15543 | Lair:2   | Noticed a six-headed hydra
 15548 | Lair:2   | Killed a six-headed hydra
 15867 | Lair:3   | Identified the +10 short sword "Udazis" {venom, Str-3 Int+3 Dex+9}
 16356 | Lair:4   | Found a frozen archway.
 16439 | IceCv    | Entered an ice cave
 16461 | IceCv    | Reached skill level 1 in Short Blades
 16717 | IceCv    | Reached skill level 10 in Earth Magic
 16982 | IceCv    | Noticed a death yak
 16997 | IceCv    | Killed a death yak
 17511 | IceCv    | Noticed a death yak
 17521 | IceCv    | Learned a level 5 spell: Lee's Rapid Deconstruction
 17532 | IceCv    | Killed a death yak
 17614 | IceCv    | Reached XP level 13. HP: 60/78 MP: 1/25
 17802 | IceCv    | Noticed a frost giant
 17813 | IceCv    | Killed a frost giant
 17813 | IceCv    | Reached skill level 5 in Stealth
 18741 | Lair:4   | Reached *** piety under Ashenzari
 18818 | Lair:4   | Found a staircase to the Snake Pit.
 19188 | D:10     | Entered Level 10 of the Dungeon
 21307 | D:11     | Found a portal to a secret trove of treasure.
 22178 | D:12     | Found a staircase to the Orcish Mines.
 23375 | D:13     | Noticed Nessos
 23386 | D:13     | Reached **** piety under Ashenzari
 23425 | D:13     | Killed Nessos
 23425 | D:13     | Gained mutation: Your large and strong wings let you fly indefinitely. [Gargoyle growth]
 23425 | D:13     | Reached XP level 14. HP: 29/86 MP: 2/27
 23982 | D:13     | Found a gate to the Vaults.
 24062 | D:13     | Reached skill level 5 in Short Blades
 24113 | D:12     | Slain by a vault guard

Skill      XL: |  1  2  3  4  5  6  7  8  9 10 11 12 13 14 |
---------------+-------------------------------------------+-----
Earth Magic    | 4 5 6 7 8 9 10 | 10.0
Spellcasting   | 3 4 5 6 7 8 9 |  9.2
Fighting       | 2 3 4 5 6 8 9 |  9.3
Armour         | 2 3 4 5 6 7 |  7.0
Conjurations   | 2 3 4 5 6 8 9 |  9.3
Dodging        | 2 3 4 5 6 7 |  7.5
Maces & Flails | 1 2 4 5 6 |  6.5
Evocations     | 1 2 3 4 5 6 7 8 |  8.0
Short Blades   | 2 4 5 |  5.0
Stealth        | 4 6 7 |  7.0
Transmutations | |  0.7

Action                   |  1- 3 |  4- 6 |  7- 9 | 10-12 | 13-15 || total
-------------------------+-------+-------+-------+-------+-------++-------
Melee: Unarmed           |    16 |       |       |       |       ||    16
       Short sword       |       |    23 |       |    28 |    11 ||    62
       Flail             |       |    12 |    27 |    89 |       ||   128
 Cast: Sandblast         |    51 |    22 |    37 |   241 |   167 ||   518
       Stone Arrow       |     5 |    56 |   121 |   276 |   222 ||   680
       Lee's Rapid Decon |       |       |       |       |     2 ||     2
Invok: Curse Item        |       |       |     1 |     1 |     1 ||     3
       Scrying           |       |       |       |     1 |       ||     1
  Use: Scroll            |       |     4 |       |    13 |     9 ||    26
       Potion            |       |       |       |       |     1 ||     1
  Eat: Chunk             |     5 |     8 |    18 |    19 |    17 ||    67
       Ration            |       |     2 |       |     3 |     1 ||     6
Armor: Robe              |    16 |    28 |    40 |   138 |    90 ||   312
Dodge: Dodged            |    23 |    55 |    79 |   322 |   175 ||   654
